 Dungeon Crawl Stone Soup version 0.31-a0-846-gb3bcc0d938 (webtiles) character file.

Game seed: 14635617562565773182

7382 demibob the Grappler (level 10, -1/88 HPs)
             Began as a Troll Chaos Knight on Oct 3, 2023.
             Was a Plaything of Xom.
             Slain by a seven-headed hydra (2 damage)
             ... on level 10 of the Dungeon.
             The game lasted 00:15:25 (7621 turns).

demibob the Grappler (Troll Chaos Knight)           Turns: 7621, Time: 00:15:27

Health: -1/88      AC:  8    Str: 26    XL:     10   Next: 92%
Magic:  9/9        EV: 10    Int: 12    God:    Xom [......]
Gold:   1552       SH:  0    Dex: 20    Spells: 9/9 levels left

rFire   + .          .
                       - Unarmed
rCold   . . .        (no shield)
rNeg    + . .        B - +0 acid dragon scales
rPois   +            (helmet restricted)
rElec   .            (no cloak)
rCorr   +            (gloves unavailable)
SInv    .            (boots unavailable)
Will    +....        a - amulet of the acrobat
Stlth   ++           v - ring "Ziwuijann" {rN+ Dex+3 Stlth+}
HPRegen 1.14/turn    P - ring of poison resistance
MPRegen 0.11/turn

%: acrobat
@: mighty
A: large, unfitting armour, claws 3, regeneration 1, shaggy fur 1, tough skin 1,
horns 1, agile 2, clever 2, fire resistance 1, strong-willed 1, sense
surroundings 1, strong 2, no potion heal 1
a: Renounce Religion


You were on level 10 of the Dungeon.
You worshipped Xom.
You were a very special plaything of Xom.
You visited 2 branches of the dungeon, and saw 11 of its levels.
You also visited: Ossuary.

You collected 2282 gold pieces.
You spent 730 gold pieces at shops.


Innate Abilities, Weirdness & Mutations

You are too large for most types of armour.
You have claws for hands.
Your natural rate of healing is unusually fast.
You are covered in fur. (AC +1)
You have tough skin. (AC +1)
You have a pair of small horns on your head.
You are very agile. (Dex +8, Str/Int -2)
Your mind is very acute. (Int +8, Str/Dex -2)
Your flesh is heat resistant. (rF+)
You are strong-willed. (Will+)
You passively map a small area around you.
Your muscles are very strong. (Str +8, Int/Dex -2)
Potions are less effective at restoring your health.


   Skills:
 - Level 2.4 Fighting
 - Level 11.1 Throwing
 - Level 1.9 Dodging
 + Level 14.6 Unarmed Combat


You had 9 spell levels left.
You didn't know any spells.
Your spell library contained the following spells:

 Spells                   Type           Power      Damage    Failure   Level
 Magic Dart               Conj           0%         1d3       38%         1
 Summon Small Mammal      Summ           0%         N/A       38%         1
 Poisonous Vapours        Pois/Air       0%         N/A       52%         2
 Searing Ray              Conj           0%         2d4       52%         2
 Call Canine Familiar     Summ           0%         N/A       77%         3
 Mephitic Cloud           Conj/Pois/Air  0%         N/A       77%         3
 Summon Guardian Golem    Hex/Summ       0%         N/A       77%         3
 Fulminant Prism          Conj/Hex       0%         3d5       99%         4
 Freezing Cloud           Conj/Ice/Air   0%         6-21      100%        5

Inventory:

Missiles
 e - 2 poisoned darts
 u - 2 boomerangs
 G - 3 darts of dispersal {=f}
Armour
 x - a scarf of shadows
 B - +0 acid dragon scales (worn)
Jewellery
 a - an amulet of the acrobat (around neck)
 f - a ring of fire
 m - an amulet of magic regeneration
 v - the ring "Ziwuijann" (left claw) {rN+ Dex+3 Stlth+}
   (You found it on level 6 of the Dungeon)

   [ring of positive energy]

   Dex+3:     It affects your dexterity (+3).
   rN+:       It protects you from negative energy.
   Stlth+:    It makes you more stealthy.
 C - an amulet of regeneration
 P - a ring of poison resistance (right claw)
 R - a ring of resist corrosion
Talismans
 d - a granite talisman
Wands
 p - a wand of paralysis (13) (quivered)
 q - a wand of roots (8)
 w - a wand of digging (4)
Scrolls
 b - a scroll of butterflies
 g - a scroll of vulnerability
 j - 4 scrolls of teleportation {@r2}
 n - 2 scrolls of enchant armour
 z - 2 scrolls of blinking
 D - a scroll of immolation {unknown}
 H - a scroll of brand weapon {unknown}
 J - a scroll of poison
 K - a scroll of revelation {unknown}
Potions
 c - 3 potions of invisibility
 h - 4 potions of magic
 i - 4 potions of enlightenment
 k - a potion of berserk rage {!q}
 l - 3 potions of brilliance
 o - 2 potions of mutation
 s - a potion of cancellation
 t - 2 potions of resistance
 A - 2 potions of lignification
 E - a potion of attraction
 F - 6 potions of curing {@q1}

Dungeon Overview and Level Annotations

Branches:
Dungeon (10/15)            Temple (0/1) D:5            Lair (1/5) D:9
Ossuary (visited)
    Orc: D:9-12

Altars:
Fedhas
Nemelex Xobeh
Qazlal
Sif Muna
Uskayaw
Xom
The Shining One

Shops:
D:5 **   D:7 * D:8

* ...........##.......,, *
...........##....... , *
............+........... *
, ,
...........##....#....(.
.#.##......##....#......,
* ,
.#.##...##.......#......
*,
)......P##P......#......
.(......PP.......#.......
...(............@§###....
,
......P.........DD§......
,
......#....#.....§....§§.,
.....(##..###.##.(..§§§§[
,
......#.PP.##.#....≈§≈≈§.
, ,
#######..♣###.....§≈#§§#≈
, , .... ,#.....≈.#§≈≈≈*,
#..~~ #.......≈ .§≈ , ~
#..(.(..≈§ ⚑≈


You could see a seven-headed hydra (ally target) and a friendly iron dragon
(summoned).


Message History

The seven-headed hydra barely misses you.
The seven-headed hydra bites you.
* * * LOW HITPOINT WARNING * * *
The seven-headed hydra bites you but does no damage.
The seven-headed hydra bites you!
* * * LOW HITPOINT WARNING * * *
You emit a cloud of colourful smoke!
Your system partially rejects the healing.
You feel much better.
The seven-headed hydra bites you but does no damage.
The seven-headed hydra bites you.
* * * LOW HITPOINT WARNING * * *
The seven-headed hydra bites you.
* * * LOW HITPOINT WARNING * * *
The seven-headed hydra bites you!
* * * LOW HITPOINT WARNING * * *
The seven-headed hydra bites you but does no damage.
The seven-headed hydra bites you.
* * * LOW HITPOINT WARNING * * *
The seven-headed hydra closely misses you.
You completely miss the seven-headed hydra.
The seven-headed hydra is almost dead.
The seven-headed hydra bites you.
* * * LOW HITPOINT WARNING * * *
The seven-headed hydra bites you but does no damage.
The seven-headed hydra bites you!
* * * LOW HITPOINT WARNING * * *
The seven-headed hydra bites you.
You die... "This toy is broken."

Skill      XL: |  1  2  3  4  5  6  7  8  9 10 |
---------------+-------------------------------+-----
Unarmed Combat | 4 5 6 7 9 11 14 | 14.6
Throwing       | 3 4 5 7 10 11 | 11.1
Fighting       | |  2.4
Dodging        | |  1.9

Action                     |  1- 3 |  4- 6 |  7- 9 | 10-12 || total
---------------------------+-------+-------+-------+-------++-------
  Melee: Unarmed           |    66 |   127 |   219 |    83 ||   495
         Kick              |       |    40 |    32 |       ||    72
         Punch             |       |     3 |     3 |     8 ||    14
         Headbutt          |       |       |    23 |    13 ||    36
  Throw: Javelin           |       |       |     2 |     4 ||     6
         Dart              |       |       |       |    12 ||    12
  Evoke: Wand              |       |       |     6 |     3 ||     9
    Use: Scroll            |       |     4 |    18 |     4 ||    26
         Potion            |       |       |     3 |     5 ||     8
   Stab: Sleeping          |       |     4 |    12 |       ||    16
         Distracted        |       |     2 |       |       ||     2
         Confused          |       |       |     1 |       ||     1
         Paralysed         |       |       |       |     1 ||     1
 Armour: Robe              |    37 |    56 |   120 |       ||   213
         Acid dragon scale |       |       |    12 |    81 ||    93
  Dodge: Dodged            |    24 |    47 |   101 |    52 ||   224

Levels and vault maps discovered:
D:1:      lightli_arrival_quake, layout_loops_cross
D:2:      layout_loops_cross, uniq_natasha
D:3:      layout_basic, shapermc_ecumenical_altar_mp_urbaneastern,
          minmay_stone_trees_small
D:4:      layout_loops_ring, marbit_many_paths, enter_ossuary_1,
          minmay_misc_feat_pillars, fountainhead, minmay_misc_feat_doors
D:5:      layout_basic, nemelex_spade_bored_becter, tso_oasis_becter,
          minmay_temple_entry_trees, nicolae_specific_store
D:6:      layout_basic, minmay_puff
D:7:      layout_basic, serial_shops, shop_fountains, uniq_jeremiah,
          uniq_menkaure
D:8:      layout_rooms, led_sif_book, nicolae_uskayaw_murder_on_the_dancefloor,
          nicolae_elemental_shop
D:9:      layout_irregular_city, old_standard_altar, lair_entry_dummy
D:10:     layout_basic, nicolae_qazlal_general_emergency, okawaru_humans,
          serial_shops, nicolae_shop_pleasant_corner_grove,
          hellmonk_guarded_unrand_vines
Lair:1:   layout_cave_shapes, minmay_hedge_maze, st_stairs_8, grunt_megastairs_5

Notes
Turn   | Place    | Note
-------+----------+-------------------------------------------
     0 | D:1      | demibob the Troll Chaos Knight began the quest for the Orb.
     0 | D:1      | Reached XP level 1. HP: 22/22 MP: 0/0
     9 | D:1      | XOM: silly message
    66 | D:1      | Reached XP level 2. HP: 29/29 MP: 1/1
   319 | D:1      | XOM: silly message
   357 | D:1      | XOM: noise
   523 | D:1      | Reached skill level 4 in Unarmed Combat
   811 | D:2      | Reached XP level 3. HP: 30/36 MP: 2/2
   814 | D:2      | XOM: silly message
   837 | D:2      | XOM: silly message
  1077 | D:2      | Noticed Natasha
  1078 | D:2      | XOM: blink monster(s)
  1083 | D:2      | Killed Natasha
  1110 | D:2      | Reached XP level 4. HP: 44/44 MP: 3/3
  1181 | D:2      | Identified a scroll of acquirement
  1181 | D:2      | Acquired a manual of Throwing
  1395 | D:3      | Reached skill level 5 in Unarmed Combat
  1536 | D:3      | XOM is BORED!
  1623 | D:3      | XOM: noise
  1650 | D:3      | XOM: 4-stop teleportation journey
  1654 | D:3      | Reached skill level 1 in Throwing
  1902 | D:3      | XOM: give mutations
  1902 | D:3      | Gained mutation: You have hidden genetic potential. [Xom's
                  | grace]
  1902 | D:3      | Gained mutation: You are agile. (Dex +4, Str/Int -1) [Xom's
                  | grace]
  1902 | D:3      | Gained mutation: You passively map a small area around you.
                  | [Xom's grace]
  2011 | D:3      | Found a faded altar of an unknown god.
  2041 | D:3      | XOM is BORED!
  2041 | D:3      | XOM: give mutations
  2041 | D:3      | Gained mutation: Your muscles are strong. (Str +4, Int/Dex
                  | -1) [Xom's mischief]
  2041 | D:3      | Gained mutation: You are vulnerable to cold. (rC-) [Xom's
                  | mischief]
  2041 | D:3      | Gained mutation: You are very agile. (Dex +8, Str/Int -2)
                  | [Xom's mischief]
  2041 | D:3      | Gained mutation: You occasionally lose the ability to drink
                  | potions when taking damage. [Xom's mischief]
  2081 | D:4      | XOM: give mutations
  2081 | D:4      | Gained mutation: Your spells are a little easier to cast,
                  | but a little less powerful. [Xom's mischief]
  2081 | D:4      | Gained mutation: You have large cloven feet. [Xom's
                  | mischief]
  2089 | D:4      | XOM: 2-stop teleportation journey
  2135 | D:4      | Found a blossoming altar of Fedhas.
  2225 | D:4      | Noticed a phantom
  2236 | D:4      | Killed a phantom
  2237 | D:4      | Reached skill level 3 in Throwing
  2237 | D:4      | Reached XP level 5. HP: 38/50 MP: 4/4
  2244 | D:4      | Gained mutation: You expend magic power (3 MP) to
                  | strengthen your wands. [hidden potential]
  2255 | D:4      | XOM: give mutation
  2255 | D:4      | Gained mutation: Your movements are slightly less
                  | encumbered by armour. (ER -2) [Xom's grace]
  2289 | D:4      | Found a sand-covered staircase.
  2305 | Ossuary  | Entered an ossuary
  2315 | Ossuary  | XOM: scenery: 1 doors open, 1 doors close
  2332 | Ossuary  | Reached skill level 4 in Throwing
  2332 | Ossuary  | Reached skill level 6 in Unarmed Combat
  2332 | Ossuary  | Reached XP level 6. HP: 57/59 MP: 5/5
  2357 | Ossuary  | Gained mutation: Your mind is acute. (Int +4, Str/Dex -1)
                  | [hidden potential]
  2357 | Ossuary  | Lost mutation: You have hidden genetic potential. [hidden
                  | potential expressed]
  2550 | Ossuary  | Reached skill level 5 in Throwing
  2634 | Ossuary  | XOM: summons 3 friendly demons
  2639 | Ossuary  | Reached XP level 7. HP: 66/66 MP: 6/6
  2643 | Ossuary  | Acquired 966 gold pieces
  2752 | Ossuary  | XOM: scenery: 1 doors close
  3004 | D:4      | XOM: give mutations
  3004 | D:4      | Gained mutation: Your mind is very acute. (Int +8, Str/Dex
                  | -2) [Xom's grace]
  3004 | D:4      | Gained mutation: Your muscles are very strong. (Str +8,
                  | Int/Dex -2) [Xom's grace]
  3004 | D:4      | Gained mutation: Your skin changes colour to match your
                  | surroundings (Stealth+). [Xom's grace]
  3004 | D:4      | Lost mutation: Your spells are a little easier to cast, but
                  | a little less powerful. [Xom's grace]
  3053 | D:4      | XOM: god gift: blackened emerald ring {god gift}
  3354 | D:5      | Entered Level 5 of the Dungeon
  3380 | D:5      | Found a staircase to the Ecumenical Temple.
  3419 | D:5      | XOM: scenery: create altars
  3459 | D:5      | XOM: 2-stop teleportation journey
  3557 | D:5      | Reached skill level 6 in Throwing
  3575 | D:5      | XOM: god gift: 833 gold pieces
  3586 | D:5      | Found a sparkling altar of Nemelex Xobeh.
  3675 | D:5      | Found a glowing golden altar of the Shining One.
  3683 | D:5      | Found Cobliaja's General Store.
  3685 | D:5      | Found Goduusch's Specific Store.
  3695 | D:5      | Bought a potion of curing for 42 gold pieces
  3695 | D:5      | Bought a ring of resist corrosion for 280 gold pieces
  3696 | D:5      | XOM: cloud trail
  3789 | D:5      | XOM: 4-stop teleportation journey
  3992 | D:5      | XOM: 3-stop teleportation journey
  4137 | D:6      | XOM: summons friendly shadow imp
  4144 | D:6      | Reached skill level 7 in Unarmed Combat
  4219 | D:6      | Reached skill level 7 in Throwing
  4225 | D:6      | XOM: 2-stop teleportation journey
  4247 | D:6      | Noticed a two-headed ogre
  4250 | D:6      | XOM: 4-stop teleportation journey
  4325 | D:6      | XOM: enchant monster (good)
  4349 | D:6      | Identified the ring "Ziwuijann" {rN+ Dex+3 Stlth+}
  4351 | D:6      | XOM: summons 2 hostile demons
  4436 | D:6      | XOM: enchant monster (bad)
  4442 | D:6      | Reached XP level 8. HP: 60/74 MP: 7/7
  4505 | D:6      | XOM: give mutations
  4505 | D:6      | Lost mutation: Your movements are slightly less encumbered
                  | by armour. (ER -2) [Xom's mischief]
  4505 | D:6      | Lost mutation: You occasionally lose the ability to drink
                  | potions when taking damage. [Xom's mischief]
  4505 | D:6      | Lost mutation: Your skin changes colour to match your
                  | surroundings (Stealth+). [Xom's mischief]
  4505 | D:6      | Gained mutation: Potions are less effective at restoring
                  | your health. [Xom's mischief]
  4555 | D:6      | Reached skill level 8 in Throwing
  4555 | D:6      | Reached skill level 8 in Unarmed Combat
  4583 | D:6      | XOM: silly message
  4584 | D:6      | XOM: enchant monster (bad)
  4589 | D:6      | XOM: enchant monster (good)
  4591 | D:6      | XOM: scenery: create altars
  4641 | D:6      | XOM: summons friendly iron imp
  4648 | D:6      | Killed a two-headed ogre
  4649 | D:6      | Reached skill level 9 in Throwing
  4649 | D:6      | Reached skill level 9 in Unarmed Combat
  4720 | D:6      | XOM: summons friendly shadow imp
  4770 | D:6      | Reached skill level 10 in Throwing
  4846 | D:6      | Lost mutation: You are vulnerable to cold. (rC-) [potion of
                  | mutation]
  4846 | D:6      | Lost mutation: You have large cloven feet. [potion of
                  | mutation]
  4846 | D:6      | Gained mutation: You passively map the area around you.
                  | [potion of mutation]
  4846 | D:6      | Gained mutation: You have a pair of small horns on your
                  | head. [potion of mutation]
  4846 | D:6      | Gained mutation: Your flesh is heat resistant. (rF+)
                  | [potion of mutation]
  4847 | D:6      | Lost mutation: You passively map the area around you.
                  | [potion of mutation]
  4847 | D:6      | Lost mutation: You expend magic power (3 MP) to strengthen
                  | your wands. [potion of mutation]
  4855 | D:7      | Found Quraocvao's General Store.
  4865 | D:7      | Reached XP level 9. HP: 72/80 MP: 8/8
  5042 | D:7      | Noticed Menkaure
  5044 | D:7      | XOM: confuse monster(s)
  5047 | D:7      | Noticed Jeremiah
  5052 | D:7      | Killed Menkaure
  5080 | D:7      | Killed Jeremiah
  5081 | D:7      | Reached skill level 11 in Throwing
  5081 | D:7      | Reached skill level 10 in Unarmed Combat
  5085 | D:7      | XOM: summons 2 friendly demons
  5148 | D:7      | Bought 2 silver javelins for 288 gold pieces
  5148 | D:7      | Bought a scroll of blinking for 120 gold pieces
  5292 | D:7      | XOM: 1-stop teleportation journey
  5398 | D:8      | Found Serr's Elemental Accessories.
  5403 | D:8      | XOM: fake destruction
  5446 | D:8      | Reached skill level 11 in Unarmed Combat
  5611 | D:8      | Found a shimmering blue altar of Sif Muna.
  5725 | D:8      | Identified the +2 dagger "Dygeh" {venom, rC+ rN+ Will+
                  | Str-2}
  5748 | D:8      | XOM: give mutation
  5748 | D:8      | Gained mutation: You are strong-willed. (Will+) [Xom's
                  | grace]
  5872 | D:8      | Found a hide-covered altar of Uskayaw.
  5891 | D:8      | Identified 2 potions of resistance
  5992 | D:9      | Found a staircase to the Lair.
  6054 | D:9      | Reached XP level 10. HP: 87/88 MP: 9/9
  6095 | D:9      | XOM: polymorph kobold brigand -> shapeshifter
  6095 | D:9      | a shapeshifter changed into a black mamba
  6095 | D:9      | Noticed a black mamba (shapeshifter)
  6098 | D:9      | XOM: cleaving
  6114 | D:9      | Killed a black mamba
  6115 | D:9      | Reached skill level 12 in Unarmed Combat
  6245 | D:9      | Found a shimmering altar of Xom.
  6670 | Lair:1   | Entered Level 1 of the Lair of Beasts
  6701 | Lair:1   | XOM: summons 5 friendly demons
  6803 | Lair:1   | Reached skill level 13 in Unarmed Combat
  6909 | Lair:1   | Noticed a cane toad
  6913 | Lair:1   | XOM: summons 7 friendly demons
  6916 | Lair:1   | Killed a cane toad
  7252 | Lair:1   | Noticed a catoblepas
  7252 | Lair:1   | XOM: scenery: create altars
  7263 | Lair:1   | XOM: fog
  7270 | Lair:1   | XOM: divination: detect creatures
  7280 | Lair:1   | Killed a catoblepas
  7281 | Lair:1   | Reached skill level 14 in Unarmed Combat
  7565 | D:9      | XOM: divination: detect items
  7568 | D:10     | XOM: noise
  7568 | D:10     | Entered Level 10 of the Dungeon
  7573 | D:10     | Noticed a two-headed ogre
  7575 | D:10     | Noticed a five-headed hydra
  7581 | D:10     | XOM: cast spell 'Summon Ice Beast'
  7584 | D:10     | Identified Xom's Directory of the Duke (Xom gifted it to
                  | you on level 10 of the Dungeon)
  7584 | D:10     | XOM: god gift: Xom's Directory of the Duke
  7587 | D:10     | Killed a two-headed ogre
  7610 | D:10     | Found a stormy altar of Qazlal.
  7611 | D:10     | XOM: potion effect (might)
  7614 | D:10     | XOM: cast spell 'Summon Dragon'
  7618 | D:10     | XOM: smoke on damage
  7621 | D:10     | HP: 8/88 [seven-headed hydra (6)]
  7621 | D:10     | HP: 1/88 [seven-headed hydra (7)]
  7621 | D:10     | Slain by a seven-headed hydra

Vanquished Creatures
  A catoblepas (Lair:1)
  2 two-headed ogres
  A black mamba (shapeshifter) (D:9)
  A cane toad (Lair:1)
  Jeremiah (D:7)
  A komodo dragon (Lair:1)
  3 yaks (Lair:1)
  2 steam dragons
  Menkaure (D:7)
  An acid dragon (D:9)
  5 water moccasins
  A sky beast (D:7)
  4 black bears
  2 centaurs
  2 phantoms
  10 bullfrogs
  A kobold brigand (D:9)
  An elf zombie (Ossuary)
  A scorpion (D:6)
  4 killer bees (D:8)
  4 howler monkeys
  2 centaur zombies (Ossuary)
  A human zombie (Ossuary)
  3 orc priests
  6 hounds
  A gnoll bouda (D:8)
  A jelly (D:7)
  2 sleepcaps
  4 iguanas
  Natasha (D:2)
  An orc wizard (D:9)
  4 hell rats (Lair:1)
  3 ogre zombies (Ossuary)
  7 mummies (Ossuary)
  3 gnolls (D:8)
  8 adders
  A shadow imp (D:6)
  A white imp (D:6)
  3 adder zombies (Ossuary)
  2 dart slugs (D:1)
  9 orcs
  7 endoplasms
  A giant cockroach (D:3)
  6 goblins
  2 hobgoblins
  2 jackals (D:2)
  19 kobolds
  3 quokkas
  4 ball pythons
  2 frilled lizards
  5 goblin zombies (Ossuary)
  4 hobgoblin zombies (Ossuary)
  3 kobold zombies (Ossuary)
  4 quokka zombies (Ossuary)
  3 rats
  4 rat zombies (Ossuary)
181 creatures vanquished.

Vanquished Creatures (collateral kills)
  A water moccasin (Lair:1)
1 creature vanquished.

Grand Total: 182 creatures vanquished

Table legend: (Time is in decaauts)
 A = Elapsed time spent in this place.
 B = Non-inter-level travel time spent in this place.
 C = Inter-level travel time spent in this place.
 D = Time resting spent in this place.
 E = Time spent auto-exploring this place.
 F = Levels seen in this place.
 G = Mean time per level.
                   A        B        C        D        E       F      G
               +--------+--------+--------+--------+--------+-----+--------+
         Total |   7548 |   7273 |    275 |    217 |   5760 |  12 |  629.0 |
       Dungeon |   6249 |   6005 |    244 |    204 |   4815 |  10 |  624.9 |
          Lair |    856 |    826 |     30 |     13 |    675 |   1 |  856.0 |
       Ossuary |    442 |    442 |      0 |      0 |    270 |   1 |  442.0 |
               +--------+--------+--------+--------+--------+-----+--------+

Top non-repeatable levels by time:
  Lair:1: 856 daAuts
     D:4: 842 daAuts
     D:3: 790 daAuts
     D:9: 788 daAuts
     D:5: 765 daAuts
     D:6: 732 daAuts
     D:2: 644 daAuts
     D:1: 611 daAuts
     D:8: 526 daAuts
     D:7: 498 daAuts
 Ossuary: 442 daAuts
    D:10: 49 daAuts

Table legend:
 A = Non-vault XP
 B = Vault XP
 C = Vault XP percentage of total XP
 D = Non-vault monster count
 E = Vault monster count
 F = Vault count percentage of total count
                 A         B        C        D         E       F
            +---------+---------+-------+---------+---------+-------
      Total |    7988 |    2558 |  24.3 |     133 |      49 |  26.9
            +---------+---------+-------+---------+---------+-------
        D:1 |      31 |       0 |   0.0 |      16 |       0 |   0.0
        D:2 |      32 |      36 |  52.9 |      11 |       1 |   8.3
        D:3 |      25 |       0 |   0.0 |       8 |       0 |   0.0
        D:4 |     213 |       2 |   0.9 |      12 |       1 |   7.7
        D:5 |     107 |       0 |   0.0 |       3 |       0 |   0.0
        D:6 |    1625 |     245 |  13.1 |      17 |       4 |  19.0
        D:7 |     782 |     546 |  41.1 |      10 |       2 |  16.7
        D:8 |     986 |       0 |   0.0 |      16 |       0 |   0.0
        D:9 |    1203 |       0 |   0.0 |      23 |       0 |   0.0
       D:10 |     824 |       0 |   0.0 |       1 |       0 |   0.0
     Lair:1 |    2160 |    1259 |  36.8 |      16 |       4 |  20.0
    Ossuary |       0 |     470 | 100.0 |       0 |      37 | 100.0
            +---------+---------+-------+---------+---------+-------
